 Dungeon Crawl Stone Soup version 0.32-a0-900-g30fb1b0edc (webtiles) character file.

Game seed: 11391142617111011436

20253 Elsrick the Thaumaturge (level 12, -1/94 HPs)
             Began as a Demigod Conjurer on Apr 6, 2024.
             Hit by a large rock thrown by a cyclops (44 damage)
             ... on level 13 of the Dungeon.
             The game lasted 01:32:11 (19516 turns).

Elsrick the Thaumaturge (Demigod Conjurer)         Turns: 19516, Time: 01:32:11

Health: -1/94      AC: 11    Str:  8    XL:     12   Next: 15%
Magic:  28/30      EV: 14    Int: 41    God:
Gold:   813        SH:  5    Dex: 12    Spells: 11/30 levels left

rFire   . . .        B - +6 hand axe "Ciriugg" {venom, *Noise rElec Int+5 SInv}
rCold   . . .        (no shield)
rNeg    . . .        H - +0 steam dragon scales
rPois   .            y - +1 hat
rElec   +            (no cloak)
rCorr   .            (no gloves)
SInv    +            g - +0 pair of boots
Will    +....        p - amulet of reflection
Stlth   +++          I - +4 ring of protection
HPRegen 0.35/turn    (no ring)
MPRegen 0.22/turn

%: reflection
@: marked, slowed, very slow
A: high MP 1, forlorn, divine attributes
a: no special abilities


You were on level 13 of the Dungeon.
You visited 2 branches of the dungeon, and saw 15 of its levels.
You also visited: Ossuary.

You collected 813 gold pieces.

Inventory:

Hand Weapons
 f - a +2 vampiric short sword
 B - the +6 hand axe "Ciriugg" (weapon) {venom, *Noise rElec Int+5 SInv}
   (You found it on level 6 of the Dungeon)

   Int+5:     It affects your intelligence (+5).
   rElec:     It insulates you from electricity.
   SInv:      It lets you see invisible.
   *Noise:    It may make a loud noise when swung.
 G - a +2 broad axe of flaming
 P - a +1 demon trident of venom
Missiles
 E - 2 throwing nets
 F - 3 atropa-tipped darts
Armour
 a - a +0 robe
 g - a +0 pair of boots (worn)
 y - a +1 hat (worn)
 A - an orb of wrath
 H - +0 steam dragon scales (worn)
 N - the +7 plate armour "Jeuf" {rF+ Will++}
   (You found it on level 9 of the Dungeon)

   rF+:       It protects you from fire.
   Will++:    It greatly increases your willpower.
 U - an orb of mayhem
Magical Staves
 J - a staff of earth
Jewellery
 p - an amulet of reflection (around neck)
 I - a +4 ring of protection (left hand)
 M - a ring of see invisible
Wands
 L - a wand of charming (19)
 O - a wand of warping (8)
 Q - a wand of flame (10)
 R - a wand of digging (5)
 X - a wand of mindburst (3)
Scrolls
 d - 3 scrolls of fog
 h - a scroll of torment
 i - 2 scrolls of silence
 j - 4 scrolls of enchant weapon
 s - 8 scrolls of teleportation
 v - 2 scrolls of summoning
 w - 2 scrolls of poison
 x - 3 scrolls of vulnerability
 z - a scroll of fear
 K - a scroll of blinking {unknown}
 S - a scroll of noise
 T - a scroll of amnesia {unknown}
 W - a scroll of immolation
Potions
 b - 3 potions of magic
 c - 3 potions of brilliance
 e - 4 potions of degeneration
 k - 3 potions of heal wounds
 l - a potion of resistance {unknown}
 m - 5 potions of might
 n - 5 potions of attraction
 o - 4 potions of curing
 q - a potion of mutation
 r - 4 potions of ambrosia
 t - 3 potions of lignification
 u - 2 potions of enlightenment
 C - a potion of berserk rage {unknown}
 D - 2 potions of cancellation
 V - a potion of haste {unknown}


   Skills:
 + Level 5.4 Fighting
 + Level 3.5 Axes
 + Level 7.7 Dodging
 + Level 5.3 Stealth
 + Level 4.8 Shields
 + Level 2.1 Unarmed Combat
 + Level 9.8 Spellcasting
 + Level 9.2 Conjurations
 + Level 0.1 Hexes
 + Level 5.8 Summonings
 + Level 0.4 Alchemy


You had 11 spell levels left.
You knew the following spells:

 Your Spells              Type           Power      Damage    Failure   Level
a - Magic Dart            Conj           100%       1d8       1%          1
b - Searing Ray           Conj           100%       2d8       1%          2
c - Call Imp              Summ           100%       N/A       1%          2
d - Iskenderun's Battles  Conj           77%        2d13      1%          5
e - Tukima's Dance        Hex            21%        N/A       4%          3
f - Blink                 Tloc           40%        N/A       2%          2
g - Fulminant Prism       Conj/Alch      28%        3d14      2%          4

Your spell library contained the following spells:

 Spells                   Type           Power      Damage    Failure   Level
 Necrotise                Necr           80%        1d8       1%          1
 Sandblast                Erth           40%        2d10      1%          1
 Momentum Strike          Conj/Tloc      100%       3d10      1%          2
 Static Discharge         Conj/Air       100%       3-8/arc   1%          2
 Dazzling Flash           Conj/Hex       100%       N/A       1%          3
 Stone Arrow              Conj/Erth      100%       3d13      1%          3
 Lesser Beckoning         Tloc           40%        N/A       2%          2
 Sublimation of Blood     Necr           20%        N/A       2%          2
 Brom's Barrelling Bould  Conj/Erth      55%        2d7       2%          4
 Iskenderun's Mystic Bla  Conj/Tloc      55%        2d12      (+2d62%     4
 Vampiric Draining        Necr           20%        2d7       4%          3
 Martyr's Knell           Necr/Summ      44%        N/A       4%          4
 Summon Lightning Spire   Summ/Air       44%        N/A       4%          4
 Dimensional Bullseye     Hex/Tloc       10%        N/A       16%         4
 Leda's Liquefaction      Alch/Erth      11%        N/A       16%         4
 Petrify                  Alch/Erth      22%        N/A       16%         4
 Airstrike                Air            10%        2d(2-18)  17%         4
 Bombard                  Conj/Erth      27%        9d5       36%         6
 Starburst                Conj/Fire      27%        6d9       36%         6
 Metabolic Englaciation   Hex/Ice        10%        N/A       41%         5
 Curse of Agony           Necr           20%        N/A       43%         5
 Spellforged Servitor     Conj/Summ      35%        N/A       54%         7
 Summon Hydra             Summ           30%        N/A       78%         7
 Maxwell's Capacitive Co  Air            10%        ∞         100%        8


Dungeon Overview and Level Annotations

Branches:
Dungeon (13/15)            Temple (0/1) D:6            Lair (2/5) D:8
  Swamp (0/4) Lair:2          Orc (0/2) D:11        Ossuary (visited)
  Snake: Lair:2-3    Spider: Lair:2-3    Vaults: D:13-14

Annotations:
D:6 2 transporters
D:8 2 transporters, Eugor's ghost, journeyman DECj
D:9 1 runed translucent door
D:12 2 transporters, HilariousDeathArtist's ghost, journeyman CoCA


Innate Abilities, Weirdness & Mutations

You have an increased reservoir of magic. (+10% MP)
You shall have no god before yourself.
Your divine heritage dramatically boosts your attributes as you level up.


Message History

The orc wizard flickers and vanishes for a moment.
The slime creature hits your cerulean imp!
Your cerulean imp hits the slime creature with a +1 spear.
The wraith attacks as it pursues you! You block the wraith's attack.
The slime creature hits your cerulean imp!
Your cerulean imp dies!
Your cerulean imp disappears in a puff of smoke!
The wraith hits your battlesphere!
The wraith drains your battlesphere's vigour!
Your battlesphere seems to slow down.
Two slime creatures merge to form a large slime creature.
The orc wizard casts a spell.
The orc wizard flickers and vanishes for a moment.
The boulder beetle curls into a ball and begins rolling!
The wraith hits your battlesphere!
The wraith drains your battlesphere's vigour!
Your battlesphere seems to slow down.
A centaur warrior comes into view.
A cyclops comes into view.
Something hits your battlesphere.
Your battlesphere is destroyed!
The cyclops throws a large rock.
The large rock misses you.
The large rock barely misses the wraith.
Two slime creatures merge to form a large slime creature.
The wraith attacks as it pursues you! The wraith hits you.
The boulder beetle hits you!!
The boulder beetle stops rolling and uncurls.
The cyclops throws a large rock.
The large rock hits you. The wraith closely misses you.
The boulder beetle attacks as it pursues you!
The boulder beetle bites you!
The cyclops throws a large rock.
The large rock completely misses you. The boulder beetle closely misses you.
The boulder beetle leaps!
Two slime creatures merge to form an enormous slime creature.
An orc wizard comes into view. It is wielding a +0 dagger.
The boulder beetle curls into a ball and begins rolling!
A howler monkey comes into view.
The boulder beetle closely misses you.
The boulder beetle stops rolling and uncurls.
The cyclops throws a large rock.
The large rock hits you!!!
You die...

#......#..#..#
###'####.....#
#####.....).....# .
#...'.#..#....#.#
.######...#....#....#.#
.#........#....#......#
.##########..°C...^...#
B..........o..°..<..#.#
o...#..#oo.#..#B@.....#
.......#..oJc..W......#
..o.o.o.h########.##..#
...#..o..# #.....#
.c.....#.# #.....#
.#####...# #.....# ##
##### #.##..# .. ..# ##


You could see a boulder beetle, an enormous slime creature, a centaur warrior, a
cyclops, a wraith and 2 orc wizards.

Vanquished Creatures
  A rakshasa (D:10)
  2 boulder beetles
  3 two-headed ogres
  Urug (Lair:1)
  3 cyclopes (D:11)
  An ugly thing (D:13)
  A manticore (D:12)
  2 cane toads
  2 gargoyles
  Maggie (D:7)
  A kobold demonologist (D:12)
  3 komodo dragons
  2 trolls
  A polar bear (Lair:1)
  A shadow (D:11)
  A vampire (D:10)
  4 slime creatures (D:12)
  16 yaks
  A yak (shapeshifter) (D:10)
  2 steam dragons
  4 water moccasins
  11 orc warriors
  A black bear (D:5)
  2 ice beasts
  2 sky beasts
  An ogre (D:5)
  4 kobold brigands
  6 bullfrogs
  5 gnoll sergeants
  14 scorpions
  4 wights (D:5)
  36 killer bees
  2 howler monkeys
  2 electric eels
  3 bombardier beetles
  4 orc priests
  A hound (D:7)
  3 centaur zombies (Ossuary)
  6 human zombies (Ossuary)
  2 jellies
  2 gnoll boudas
  4 scorpion zombies (Ossuary)
  A sleepcap (D:6)
  2 iguanas
  7 orc wizards
  3 mummies (Ossuary)
  23 gnolls
  8 adders
  2 white imps
  3 adder zombies (Ossuary)
  4 dart slugs
  5 ribbon worms
  41 orcs
  10 ball pythons
  3 bats
  3 endoplasms
  A giant cockroach (D:1)
  3 goblins
  2 hobgoblins (D:2)
  11 jackals
  3 quokkas (D:1)
  A ball python zombie (Ossuary)
  6 frilled lizards
  2 gnoll zombies (Ossuary)
  A jackal zombie (Ossuary)
  28 kobolds
  3 orc zombies (Ossuary)
  7 rats
351 creatures vanquished.

Vanquished Creatures (collateral kills)
  A basilisk (D:11)
  An ice beast (D:6)
  A human zombie (Ossuary)
  An orc wizard (D:12)
  5 orcs
  3 kobolds
12 creatures vanquished.

Vanquished Creatures (others)
  A shadow (D:12)
  A kobold brigand (D:8)
  A kobold (D:11)
  A fulminant prism (D:12)
4 creatures vanquished.

Grand Total: 367 creatures vanquished

Notes
Turn   | Place    | Note
-------+----------+-------------------------------------------
     0 | D:1      | Elsrick the Demigod Conjurer began the quest for the Orb.
     0 | D:1      | Reached XP level 1. HP: 14/14 MP: 5/5
   227 | D:1      | Reached XP level 2. HP: 20/20 MP: 5/7
   236 | D:1      | Learned a level 2 spell: Searing Ray
   828 | D:2      | Reached XP level 3. HP: 26/26 MP: 6/8
  1318 | D:2      | Reached XP level 4. HP: 33/33 MP: 6/9
  1749 | D:2      | Reached skill level 5 in Conjurations
  2703 | D:4      | Reached XP level 5. HP: 38/38 MP: 9/11
  2904 | D:4      | Found a sand-covered staircase.
  2912 | Ossuary  | Entered an ossuary
  3069 | Ossuary  | Reached XP level 6. HP: 38/45 MP: 1/14
  3697 | Ossuary  | Learned a level 2 spell: Call Imp
  3704 | Ossuary  | Reached XP level 7. HP: 43/51 MP: 9/16
  4037 | Ossuary  | Reached skill level 1 in Shields
  4037 | Ossuary  | Reached skill level 1 in Unarmed Combat
  4158 | Ossuary  | Reached skill level 1 in Fighting
  4160 | Ossuary  | Reached skill level 1 in Summonings
  4309 | Ossuary  | Reached XP level 8. HP: 52/59 MP: 6/18
  4943 | D:5      | Entered Level 5 of the Dungeon
  5248 | D:5      | Reached skill level 5 in Spellcasting
  6521 | D:6      | Identified the +6 hand axe "Ciriugg" {venom, *Noise rElec
                  | Int+5 SInv}
  6775 | D:6      | Reached XP level 9. HP: 68/68 MP: 16/21
  6963 | D:6      | Found a staircase to the Ecumenical Temple.
  7253 | D:6      | Found a transporter.
  7256 | D:6      | Noticed a kobold demonologist
  7270 | D:6      | Found a transporter.
  7663 | D:7      | Noticed Maggie
  8264 | D:6      | Reached skill level 5 in Dodging
  8409 | D:7      | Killed Maggie
  8410 | D:7      | Reached skill level 1 in Axes
  8951 | D:8      | Noticed a cacodemon
  9548 | D:8      | Found a staircase to the Lair.
  9548 | D:8      | Noticed a komodo dragon
  9571 | D:8      | Killed a komodo dragon
  9972 | D:8      | Found a transporter.
  9974 | D:8      | Noticed Eugor's ghost (journeyman DECj)
  9975 | D:8      | Found a transporter.
  9978 | D:8      | Identified the +4 great mace of Ywoq {speed, rF+ rC++ Will+
                  | Int-2}
  9978 | D:8      | Noticed a two-headed ogre
 10049 | D:8      | Reached XP level 10. HP: 66/77 MP: 18/24
 11531 | D:9      | Found a runed translucent door.
 11723 | D:9      | Identified the +7 plate armour "Jeuf" {rF+ Will++}
 11740 | D:9      | Noticed a two-headed ogre
 11909 | D:8      | Identified a scroll of acquirement
 11910 | D:8      | Acquired a book of Power
 11920 | D:8      | Learned a level 5 spell: Iskenderun's Battlesphere
 11924 | D:8      | Learned a level 3 spell: Tukima's Dance
 11980 | D:9      | Found a runed translucent door.
 12018 | D:9      | Killed a two-headed ogre
 12363 | D:9      | Noticed a two-headed ogre
 12538 | D:9      | Noticed a green ugly thing
 12598 | Lair:1   | Entered Level 1 of the Lair of Beasts
 12736 | Lair:1   | Noticed Urug
 12751 | Lair:1   | Killed Urug
 13180 | Lair:1   | Noticed a boulder beetle
 13366 | Lair:1   | Killed a boulder beetle
 13844 | Lair:2   | Noticed a will-o-the-wisp
 13844 | Lair:2   | Found a staircase to the Swamp.
 13964 | Lair:2   | Reached XP level 11. HP: 82/85 MP: 20/27
 13995 | Lair:1   | Reached skill level 5 in Summonings
 14265 | D:10     | Entered Level 10 of the Dungeon
 14281 | D:10     | Learned a level 2 spell: Blink
 14613 | D:10     | Reached skill level 5 in Stealth
 15757 | D:10     | Noticed a two-headed ogre
 15781 | D:10     | Reached skill level 5 in Fighting
 16171 | D:10     | Noticed a rakshasa
 16192 | D:10     | Killed a rakshasa
 17156 | D:11     | Found a staircase to the Orcish Mines.
 17699 | D:11     | Noticed a soul eater
 17778 | D:10     | Killed a two-headed ogre
 17922 | D:12     | Noticed a boulder beetle
 17955 | D:12     | Killed a boulder beetle
 18221 | D:12     | Noticed a two-headed ogre
 18232 | D:12     | Killed a two-headed ogre
 18240 | D:12     | Learned a level 4 spell: Fulminant Prism
 18315 | D:12     | Reached XP level 12. HP: 62/94 MP: 5/30
 18553 | D:12     | Found a transporter.
 18558 | D:12     | Found a transporter.
 18558 | D:12     | Noticed HilariousDeathArtist's ghost (journeyman CoCA)
 18558 | D:12     | Noticed a yaktaur captain
 18563 | D:12     | Noticed an orc warlord
 19505 | D:13     | Noticed a boulder beetle
 19508 | D:13     | Noticed a centaur warrior
 19516 | D:13     | Hit by a large rock thrown by a cyclops

Illustrated notes

Levels and vault maps discovered:
D:1:      mrwooster_arrival_statue, layout_rooms
D:2:      layout_basic, basic_altar, minmay_hexomino_r4
D:3:      layout_rooms, led_sif_pool, minivault_23
D:4:      layout_cave_pools, good_gods_temple_1, chequers_ossuary_entry_cave
D:5:      layout_loops_ring, kennysheep_mini, mainiacjoe_overflow_chevrons,
          kennysheep_generic_room_2
D:6:      gammafunk_wand_slinger, layout_loops_ring, okawaru_ov_weapons_minmay,
          minmay_temple_entry_junction
D:7:      layout_basic, uniq_maggie
D:8:      layout_loops_cross, nicolae_overflow_hidden_temple,
          mainiacjoe_overflow_concentric_impassable,
          mainiacjoe_overflow_large_starburst, makhleb_altar_promises_db,
          david_lair_shrubbed, gammafunk_ghost_smash, nrook_mini_backslash,
          minivault_1
D:9:      cheibrodos_histonic, layout_loops_ring
D:10:     wad_river_or_something, layout_loops_ring, lemuel_tele_altar
D:11:     layout_irregular_city, orc_0_dummy, uniq_grum
D:12:     layout_long_grid, special_room [special_room_orc],
          gammafunk_ghost_arena
D:13:     layout_stronghold, portal_ice_cave_entry_pillars_2,
          nicolae_elemental_shop
Lair:1:   layout_chaotic_city, serial_bayou_shore_a, uniq_urug
Lair:2:   layout_gridlike, minmay_swamp_entry_wisps, grunt_megastairs_1,
          infiniplex_staircase_pool

Skill      XL: |  1  2  3  4  5  6  7  8  9 10 11 |
---------------+----------------------------------+-----
Conjurations   | 4 5 6 7 9 |  9.2
Dodging        | 2 3 4 5 6 7 |  7.7
Spellcasting   | 2 3 4 5 6 8 9 |  9.8
Stealth        | 2 3 4 5 |  5.3
Shields        | 1 2 3 4 |  4.8
Unarmed Combat | 1 2 |  2.1
Fighting       | 1 2 3 4 5 |  5.4
Summonings     | 1 3 4 5 |  5.8
Axes           | 1 3 |  3.5
Hexes          | |  0.1
Alchemy        | |  0.4

Action                     |  1- 3 |  4- 6 |  7- 9 | 10-12 || total
---------------------------+-------+-------+-------+-------++-------
  Melee: Unarmed           |     1 |    48 |    10 |       ||    59
         Punch             |       |       |     1 |       ||     1
         Hand axe          |       |       |    46 |    71 ||   117
   Cast: Magic Dart        |    64 |    55 |    27 |    26 ||   172
         Searing Ray       |     5 |    25 |    90 |   109 ||   229
         Call Imp          |       |     1 |    20 |    28 ||    49
         Iskenderun's Batt |       |       |       |    28 ||    28
         Tukima's Dance    |       |       |       |     1 ||     1
         Blink             |       |       |       |     1 ||     1
         Fulminant Prism   |       |       |       |     1 ||     1
    Use: Scroll            |       |       |    15 |    10 ||    25
         Potion            |       |       |       |     1 ||     1
   Stab: Sleeping          |       |       |     1 |       ||     1
 Armour: Robe              |     6 |    63 |    73 |       ||   142
         Steam dragon scal |       |       |    44 |   213 ||   257
  Dodge: Dodged            |     6 |    44 |   113 |   171 ||   334
  Block: Other             |       |    19 |    45 |    66 ||   130
         Reflection        |       |       |     5 |     4 ||     9

Table legend: (Time is in decaauts)
 A = Elapsed time spent in this place.
 B = Non-inter-level travel time spent in this place.
 C = Inter-level travel time spent in this place.
 D = Time resting spent in this place.
 E = Time spent auto-exploring this place.
 F = Levels seen in this place.
 G = Mean time per level.
                   A        B        C        D        E       F      G
               +--------+--------+--------+--------+--------+-----+--------+
         Total |  19570 |  18789 |    781 |   7598 |   5362 |  16 | 1223.1 |
       Dungeon |  16382 |  15731 |    651 |   6019 |   4913 |  13 | 1260.2 |
          Lair |   1637 |   1507 |    130 |    621 |    448 |   2 |  818.5 |
       Ossuary |   1551 |   1551 |      0 |    958 |      0 |   1 | 1551.0 |
               +--------+--------+--------+--------+--------+-----+--------+

Top non-repeatable levels by time:
    D:10: 2543 daAuts
     D:9: 1945 daAuts
     D:8: 1762 daAuts
 Ossuary: 1551 daAuts
  Lair:1: 1523 daAuts
     D:6: 1506 daAuts
     D:5: 1445 daAuts
    D:12: 1417 daAuts
     D:2: 1284 daAuts
    D:11: 1185 daAuts
     D:7: 1058 daAuts
     D:1: 750 daAuts
     D:3: 712 daAuts
     D:4: 644 daAuts
    D:13: 125 daAuts
